 Dungeon Crawl Stone Soup version 0.30-a0-385-gfebfb9b408 (webtiles) character file.

Game seed: 17888252139719509842

87 tio the Grave Robber (level 4, -2/30 HPs)
             Began as a Demonspawn Necromancer on Dec 3, 2022.
             Slain by Crazy Yiuf
             ... wielding a +2 quarterstaff of chaos
              (16 damage)
             ... on level 3 of the Dungeon.
             The game lasted 00:11:38 (2433 turns).

tio the Grave Robber (Demonspawn Necromancer)       Turns: 2433, Time: 00:11:38

Health: -2/30      AC:  2    Str: 15    XL:     4   Next: 28%
Magic:  8/8        EV: 12    Int: 18    God:
Gold:   100        SH:  0    Dex: 13    Spells: 8/9 levels left

rFire   . . .      SeeInvis .    l - +0 war axe
rCold   . . .      Faith    .    (no shield)
rNeg    . . .      Spirit   .    a - +0 robe
rPois   .          Reflect  .    (helmet restricted)
rElec   .          Harm     .    (no cloak)
rCorr   .          Rampage  .    (no gloves)
Will    .....                    (no boots)
Stlth   ++........               (no amulet)
HPRegen 0.25/turn                o - +6 ring of strength
MPRegen 0.11/turn                (no ring)

@: hasted, very quick
A: horns 1
a: no special abilities


You were on level 3 of the Dungeon.
You visited 1 branch of the dungeon, and saw 3 of its levels.

You collected 100 gold pieces.

Inventory:

Hand Weapons
 d - a +0 hand axe
 l - a +0 war axe (weapon)
 p - a +0 hammer
Armour
 a - a +0 robe (worn)
 e - a +0 scale mail
Jewellery
 o - a +6 ring of strength (left hand)
Scrolls
 f - a scroll of butterflies
 j - a scroll of magic mapping {unknown}
 n - a scroll of amnesia {unknown}
Potions
 b - a potion of magic
 c - a potion of attraction {unknown}
 g - a potion of might {unknown}
 h - 3 potions of haste
 i - a potion of curing
 k - a potion of invisibility {unknown}
 m - a potion of lignification {unknown}


   Skills:
 + Level 1.9 Dodging
 + Level 2.2 Stealth
 + Level 3.0 Spellcasting
 + Level 5.4 Necromancy


You had 8 spell levels left.
You knew the following spells:

 Your Spells              Type           Power      Damage    Failure   Level
a - Necrotise             Necr           88%        1d8       1%          1

Your spell library contained the following spells:

 Spells                   Type           Power      Damage    Failure   Level
 Vampiric Draining        Necr           22%        2d7       5%          3
 Animate Dead             Necr           22%        N/A       17%         4
 Ignite Poison            Fire/Tmut/Pois 2%         N/A       43%         3
 Kindle Blastsparks       Fire/Tloc/Air  4%         2d10      43%         3
 Agony                    Necr           22%        N/A       43%         5
 Freezing Cloud           Conj/Ice/Air   1%         6-21      99%         5


Dungeon Overview and Level Annotations

Branches:
Dungeon (3/15)

Altars:
Cheibriados
Nemelex Xobeh

Shops:
D:1 *

Annotations:
D:3 Crazy Yiuf


Innate Abilities, Weirdness & Mutations

You have a pair of small horns on your head.


Message History

The worm is severely wounded.
You slash the worm!
You kill the worm!
Your Spellcasting skill increases to level 3!
n - a scroll labelled XUWIFA LIPOMU
There is a stone staircase leading up here.
Found a hammer.
Found a hammer.
Found a hammer.
You see here a +0 hammer.
p - a +0 hammer You see here a +0 hammer.
Found six hammers.
Found a runed translucent door.
You see here a +0 hammer.
Found a hammer.
Crazy Yiuf shouts!
You see here a +0 hammer.
You see here a +0 hammer.
Found three hammers.
You see here a +0 hammer.
You open the door. You barely miss Crazy Yiuf.
Crazy Yiuf says, "Cake!
Tonal cower bag."
Crazy Yiuf misses you.
You hit Crazy Yiuf. Your headbutt misses Crazy Yiuf.
Crazy Yiuf is moderately wounded.
Crazy Yiuf says, "Mountain!
Orb unthinkable wrapper."
Crazy Yiuf hits you with a +2 quarterstaff of chaos!
You are confused.
Crazy Yiuf hits you with a +2 quarterstaff of chaos!
Ouch! That really hurt!
* * * LOW HITPOINT WARNING * * *
You feel yourself speed up.
Crazy Yiuf is nearby!
You are too injured to fight recklessly!
You bump into the stone wall.
It was a potion of curing.
You feel better.
Crazy Yiuf hits you with a +2 quarterstaff of chaos!
Ouch! That really hurt!
You die...

#.#
##...#.#.#####.#
#########.#
#......#.......#
#.........#
#......#.#####.#
#.#########
########.# #.# #.#
#.# ###.. #.# #.#
#.... #.####### ###
#.###.###
#..#..#.## ###)))#
#.....# #
#........####@g)).#
#####.###
#.##.....)#))##)))#
####....
#.###.#..#)### ###
#....... #.#
######## #.####.#
#.# ##.####.# #.#
#.......# #.#
#..###### #.


You could see Crazy Yiuf.

Vanquished Creatures
  An iron imp (D:3)
  An adder (D:2)
  A worm (D:3)
  5 ball pythons
  7 bats
  4 endoplasms
  2 giant cockroaches
  3 goblins
  5 hobgoblins
  4 jackals (D:1)
  2 quokkas
  A frilled lizard (D:2)
  A kobold (D:1)
  4 rats
41 creatures vanquished.

Vanquished Creatures (collateral kills)
  A kobold (D:1)
  A ball python (D:1)
2 creatures vanquished.

Vanquished Creatures (others)
  2 plants (D:1)
2 creatures vanquished.

Grand Total: 45 creatures vanquished

Notes
Turn   | Place    | Note
-------+----------+-------------------------------------------
     0 | D:1      | tio the Demonspawn Necromancer began the quest for the Orb.
     0 | D:1      | Reached XP level 1. HP: 13/13 MP: 3/3
   148 | D:1      | Gained mutation: You have a pair of small horns on your
                  | head. [demonic ancestry]
   148 | D:1      | Reached XP level 2. HP: 13/19 MP: 0/5
   492 | D:1      | Reached skill level 5 in Necromancy
   875 | D:1      | Found Jafawk's Assorted Antiques.
  1140 | D:1      | Reached XP level 3. HP: 24/24 MP: 4/6
  1371 | D:2      | Identified the +10 whip of Exquisite Death {drain, Dex+3}
  1756 | D:2      | Found a sparkling altar of Nemelex Xobeh.
  2164 | D:3      | Found a snail-covered altar of Cheibriados.
  2172 | D:3      | Reached XP level 4. HP: 12/30 MP: 3/8
  2425 | D:3      | Found a runed translucent door.
  2426 | D:3      | Noticed Crazy Yiuf
  2433 | D:3      | Slain by Crazy Yiuf

Illustrated notes

Levels and vault maps discovered:
D:1:      minmay_arrival_plants_in_alcoves, layout_basic, serial_shops,
          nicolae_shop_hallway_stairs, minmay_hexomino_f4
D:2:      kb_forest_paths, layout_loops_ring, basic_altar, st_stairs_5,
          minmay_split_cup_small
D:3:      layout_loops_ring, slow_altar_1, mainiacjoe_overflow_catwalk,
          minmay_misc_feat_diagonals, uniq_crazy_yiuf_cottage

Skill      XL: |  1  2  3  4 |
---------------+-------------+-----
Necromancy     | 5 |  5.4
Stealth        | 2 |  2.2
Spellcasting   | 3 |  3.0
Dodging        | |  1.9

Action                   |  1- 3 |  4- 6 || total
-------------------------+-------+-------++-------
Melee: Unarmed           |    15 |       ||    15
       Punch             |     1 |       ||     1
       Hand axe          |     2 |       ||     2
       Headbutt          |     2 |     2 ||     4
       War axe           |     2 |     8 ||    10
 Cast: Necrotise         |    62 |     3 ||    65
  Use: Scroll            |     4 |       ||     4
       Potion            |       |     1 ||     1
Armor: Robe              |    13 |     1 ||    14
Dodge: Dodged            |    34 |     4 ||    38

Table legend: (Time is in decaauts)
 A = Elapsed time spent in this place.
 B = Non-inter-level travel time spent in this place.
 C = Inter-level travel time spent in this place.
 D = Time resting spent in this place.
 E = Time spent auto-exploring this place.
 F = Levels seen in this place.
 G = Mean time per level.
                   A        B        C        D        E       F      G
               +--------+--------+--------+--------+--------+-----+--------+
         Total |   2435 |   2269 |    166 |      0 |   1974 |   3 |  811.7 |
       Dungeon |   2435 |   2269 |    166 |      0 |   1974 |   3 |  811.7 |
               +--------+--------+--------+--------+--------+-----+--------+

Top non-repeatable levels by time:
     D:1: 1319 daAuts
     D:2: 774 daAuts
     D:3: 342 daAuts
